 Dungeon Sprint DCSS version 0.31-a0-844-gdc52ec4e09 (webtiles) character file.

Game seed: 7631150458470211215

31329 sircluck the Brawler (level 13, -5/231 HPs)
             Began as a Troll Berserker on Sept 28, 2023.
             Was the Champion of Trog.
             Slain by a deep elf blademaster
             ... wielding a +1 rapier of venom
              (11 damage)
             ... in the Dungeon (Sprint VII: "The Pits").
             The game lasted 00:14:24 (3068 turns).

sircluck the Brawler (Troll Berserker)              Turns: 3068, Time: 00:14:25

Health: -5/231     AC: 16    Str: 35    XL:     13   Next: 25%
Magic:  12/12      EV: 13    Int:  3    God:    Trog [******]
Gold:   33         SH:  0    Dex:  9    Spells: 12/12 levels left

rFire   . .          .
                       - Unarmed
rCold   . . .        (no shield)
rNeg    . . .        o - +0 swamp dragon scales
rPois   +            (helmet restricted)
rElec   .            (no cloak)
rCorr   .            (gloves unavailable)
SInv    .            (boots unavailable)
Will    .....        (no amulet) Stlth
                     k - +3 ring of protection
HPRegen 1.38/turn    l - +3 ring of strength
MPRegen 0.13/turn

%: no teleportation
@: berserking (expiring), lethally poisoned (-5 -> -27), very quick
A: large, unfitting armour, claws 3, regeneration 1, shaggy fur 1, tough skin 1
a: Renounce Religion, Berserk, Trog's Hand, Brothers in Arms


You were in the Dungeon.
You worshipped Trog.
Trog was exalted by your worship.
You visited 1 branch You collected 33 gold pieces.

Inventory:

Armour
 a - a +0 animal skin
 n - +0 steam dragon scales
 o - +0 swamp dragon scales (worn)
 p - +0 acid dragon scales
Jewellery
 k - a +3 ring of protection (left claw)
 l - a +3 ring of strength (right claw)
 x - a ring of positive energy
 A - a ring of positive energy
 B - a +5 ring of evasion
 C - a +6 ring of intelligence
 D - a +6 ring of intelligence
Wands
 y - a wand of flame (6)
Scrolls
 g - 4 scrolls of blinking
 i - 2 scrolls of vulnerability
 j - a scroll of butterflies
 q - 4 scrolls of enchant armour
 r - 4 scrolls of identify
 t - 2 scrolls of fear
 v - 2 scrolls of fog
 w - a scroll of enchant weapon
Potions
 b - 7 potions of curing
 c - 14 potions of heal wounds
 d - 4 potions of haste
 e - 5 potions of magic
 f - 8 potions of berserk rage
 h - 2 potions of invisibility
 m - 2 potions of might
 s - a potion of resistance
 u - a potion of mutation
 z - a potion of lignification


   Skills:
 + Level 16.3 Fighting
 + Level 13.0 Armour
 + Level 16.2 Dodging
 + Level 19.0 Unarmed Combat


You had 12 spell levels left.
You didn't know any spells.
Your spell library was empty.

Dungeon Overview and Level Annotations

Branches:
Dungeon (1/1)

Altars:
Ashenzari
Cheibriados
Dithmenos
Elyvilon
Fedhas
Gozag
Hepliaklqana
Kikubaaqudgha
Makhleb
Nemelex Xobeh
Okawaru
Qazlal
Ru
Sif Muna
Trog
Uskayaw
Vehumet
Wu Jian
Xom
Yredelemnul
Zin
The Shining One
Jiyva
Lugonu


Innate Abilities, Weirdness & Mutations

You are too large for most types of armour.
You have claws for hands.
Your natural rate of healing is unusually fast.
You are covered in fur. (AC +1)
You have tough skin. (AC +1)


Message History

You are more poisoned.
You completely miss the deep elf blademaster.
The deep elf blademaster is heavily wounded.
You feel very sick. The orc knight misses you.
You eviscerate the deep elf blademaster!!!
The deep elf blademaster is almost dead.
You feel very sick.
A deep elf knight comes into view.
It is wielding a +1 vampiric short sword.
The kobold demonologist mumbles some strange words.
The orc knight hits you with a +0 great sword!!
* * * LOW HITPOINT WARNING * * *
The deep elf blademaster hits you but does no damage.
You are more poisoned.
The deep elf blademaster hits you but does no damage.
The vault guard hits you with a +3 war axe!
* * * LOW HITPOINT WARNING * * *
The kobold hits you but does no damage.
You completely miss the deep elf blademaster.
Your claw misses the deep elf blademaster.
The deep elf blademaster is almost dead.
You feel very sick.
The deep elf blademaster completely misses you.
The deep elf blademaster hits you with a +1 rapier of venom!
* * * LOW HITPOINT WARNING * * *
Unknown command.
Unknown command.
Unknown command.
You closely miss the kobold.
You feel very sick.
The orc knight hits you with a +0 battleaxe!
* * * LOW HITPOINT WARNING * * *
The kobold barely misses you.
The vault guard hits you with a +3 war axe!
* * * LOW HITPOINT WARNING * * *
The kobold closely misses you.
* * * LOW HITPOINT WARNING * * *
You feel very sick.
The deep elf blademaster hits you with a +1 rapier of venom!
You die...

##.)...)...............[.........
##..)..)...............).........
##..##############)'#############
##).# #........# ##..# .
#........# ##..# ..## ####.)####
##..# .....#d.K..K.)#.. ##..#
.....oe)o)...eK.. ##..#
.....#p@K.....#.. ##..# #+##
####..#### # .)..# #### ....#
##### ################
##.(.[.'...')..# ##()(..##.##|..#
########...#####


You could see a deep elf blademaster, a yellow draconian, a vault guard, 2 orc
knights, a deep elf knight, a kobold demonologist, a kobold brigand and 2
kobolds.

Vanquished Creatures
  A Brimstone Fiend (D)
  2 nagarajas (D)
  2 orc warlords (D)
  A green draconian (D)
  An ettin (D)
  A deep elf death mage (D)
  A catoblepas (D)
  An alligator (D)
  A centaur warrior (D)
  A boulder beetle (D)
  2 death yaks (D)
  A demonic crawler (D)
  A merfolk aquamancer (D)
  A naga warrior (D)
  A deep elf knight (D)
  A fire crab (D)
  A shadow wraith (D)
  A swamp dragon (D)
  A sea snake (D)
  A bog body (D)
  A deep troll (D)
  A flayed ghost (D)
  7 orc knights (D)
  An orc sorcerer (D)
  Joseph (D)
  A guardian serpent (D)
  A black mamba (D)
  A gargoyle (D)
  2 orange demons (D)
  2 cane toads (D)
  A rime drake (D)
  An ice devil (D)
  A yaktaur (D)
  2 guardian mummies (D)
  2 merfolk (D)
  A red devil (D)
  A wind drake (D)
  A flying skull (D)
  2 shadows (D)
  A vampire (D)
  A wraith (D)
  A ynoxinul (D)
  A spriggan (D)
  A fire bat (D)
  A fire elemental (D)
  2 chaos spawn (D)
  5 vampire mosquitoes (D)
  3 basilisks (D)
  2 steam dragons (D)
  2 redbacks (D)
  3 acid dragons (D)
  An orc warrior (D)
  A swamp drake (D)
  2 centaurs (D)
  An ogre (D)
  A kobold brigand (D)
  An earth elemental (D)
  A scorpion (D)
  A crimson imp (D)
  A quasit (D)
  A jelly (D)
  Crazy Yiuf (D)
  3 orc priests (D)
  An iguana (D)
  An orc wizard (D)
  2 mummies (D)
  An adder (D)
  2 gnolls (D)
  2 ufetubi (D)
  An adder zombie (D)
  2 worms (D)
  An adder simulacrum (D)
  An orc (D)
  A hobgoblin (D)
  7 jackals (D)
  3 quokkas (D)
  2 ball pythons (D)
  A ball python simulacrum (D)
  A ball python zombie (D)
  2 bats (D)
  A frilled lizard (D)
  A jackal skeleton (D)
  A kobold (D)
125 creatures vanquished.

Vanquished Creatures (collateral kills)
  A sphinx (D)
  A naga sharpshooter (D)
  2 orc knights (D)
  2 nagas (D)
  A kobold brigand (D)
  2 kobolds (D)
9 creatures vanquished.

Vanquished Creatures (others)
  An adder zombie (D)
1 creature vanquished.

Grand Total: 135 creatures vanquished

Notes
Turn   | Place    | Note
-------+----------+-------------------------------------------
     0 | D        | sircluck the Troll Berserker began the quest for the Orb.
     0 | D        | Reached XP level 1. HP: 22/22 MP: 0/0
    17 | D        | Noticed a flying skull
    17 | D        | Noticed a basilisk
    23 | D        | Killed a flying skull
    24 | D        | Reached skill level 5 in Fighting
    24 | D        | Reached skill level 5 in Dodging
    24 | D        | Reached skill level 6 in Unarmed Combat
    24 | D        | Reached XP level 2. HP: 30/35 MP: 1/1
    24 | D        | Reached XP level 3. HP: 36/42 MP: 2/2
    24 | D        | Reached XP level 4. HP: 43/50 MP: 3/3
    24 | D        | Reached XP level 5. HP: 50/58 MP: 4/4
    30 | D        | Killed a basilisk
    31 | D        | Reached skill level 7 in Unarmed Combat
    31 | D        | Reached XP level 6. HP: 42/68 MP: 5/5
    33 | D        | Reached ** piety under Trog
    34 | D        | Reached skill level 8 in Unarmed Combat
    96 | D        | Noticed a spriggan
    96 | D        | Noticed a basilisk
    97 | D        | Noticed a wraith
    99 | D        | Killed a spriggan
   102 | D        | Killed a basilisk
   103 | D        | Reached skill level 9 in Unarmed Combat
   103 | D        | Reached XP level 7. HP: 80/80 MP: 6/6
   115 | D        | Killed a wraith
   116 | D        | Reached skill level 10 in Unarmed Combat
   216 | D        | Reached *** piety under Trog
   235 | D        | Found a bloodstained altar of Trog.
   235 | D        | Found a shimmering blue altar of Sif Muna.
   235 | D        | Found a viscous altar of Jiyva.
   235 | D        | Found a hazy altar of Hepliaklqana.
   235 | D        | Found an opulent altar of Gozag.
   236 | D        | Found a glowing golden altar of the Shining One.
   236 | D        | Found a glowing silver altar of Zin.
   236 | D        | Found a basalt altar of Yredelemnul.
   236 | D        | Found a shimmering altar of Xom.
   236 | D        | Found an ornate altar of the Wu Jian Council.
   236 | D        | Found a sacrificial altar of Ru.
   236 | D        | Found a stormy altar of Qazlal.
   236 | D        | Found an iron altar of Okawaru.
   236 | D        | Found a sparkling altar of Nemelex Xobeh.
   236 | D        | Found a burning altar of Makhleb.
   236 | D        | Found a blossoming altar of Fedhas.
   236 | D        | Found a white marble altar of Elyvilon.
   236 | D        | Found a shadowy altar of Dithmenos.
   236 | D        | Found a snail-covered altar of Cheibriados.
   240 | D        | Found a corrupted altar of Lugonu.
   240 | D        | Found a radiant altar of Vehumet.
   241 | D        | Found a broken altar of Ashenzari.
   241 | D        | Found an ancient bone altar of Kikubaaqudgha.
   241 | D        | Found a hide-covered altar of Uskayaw.
   285 | D        | Reached **** piety under Trog
   298 | D        | Reached ***** piety under Trog
   370 | D        | Identified the +5 glaive of Koachuxo {flame, *Corrode rF+
                  | rC+ rN++} (Trog gifted it to you in the Dungeon)
   370 | D        | Received a gift from Trog
   376 | D        | Noticed Crazy Yiuf
   390 | D        | Killed Crazy Yiuf
   399 | D        | Reached XP level 8. HP: 21/92 MP: 7/7
   401 | D        | Received a gift from Trog
   479 | D        | Received a gift from Trog
   491 | D        | Reached skill level 11 in Unarmed Combat
   496 | D        | Reached ****** piety under Trog
   616 | D        | Noticed a boulder beetle
   630 | D        | Killed a boulder beetle
   631 | D        | Reached skill level 10 in Fighting
   631 | D        | Reached skill level 10 in Dodging
   631 | D        | Reached skill level 12 in Unarmed Combat
   631 | D        | Reached XP level 9. HP: 70/102 MP: 8/8
   667 | D        | Noticed a demonic crawler
   668 | D        | Noticed a guardian mummy
   672 | D        | Killed a demonic crawler
   674 | D        | Received a gift from Trog
   679 | D        | Killed a guardian mummy
   732 | D        | Noticed an alligator
   741 | D        | Killed an alligator
   742 | D        | Reached skill level 13 in Unarmed Combat
   778 | D        | Noticed a nagaraja
   789 | D        | Killed a nagaraja
   790 | D        | Reached skill level 5 in Armour
   790 | D        | Reached XP level 10. HP: 40/115 MP: 9/9
   794 | D        | Received a gift from Trog
   881 | D        | Noticed a nagaraja
   899 | D        | Killed a nagaraja
   900 | D        | Reached skill level 14 in Unarmed Combat
  1077 | D        | Noticed an orc sorcerer
  1084 | D        | Noticed an orange demon
  1091 | D        | Killed an orc sorcerer
  1091 | D        | Identified the +4 spear of Precise Incision {antimagic,
                  | *Corrode Fragile rElec rPois} (Trog gifted it to you in the
                  | Dungeon)
  1091 | D        | Received a gift from Trog
  1158 | D        | Noticed a gargoyle
  1169 | D        | Killed a gargoyle
  1170 | D        | Noticed a black mamba
  1173 | D        | Killed a black mamba
  1188 | D        | Noticed an orange demon
  1189 | D        | Noticed a swamp dragon
  1192 | D        | Reached XP level 11. HP: 114/126 MP: 10/10
  1199 | D        | Killed a swamp dragon
  1200 | D        | Reached skill level 15 in Unarmed Combat
  1200 | D        | Noticed a flayed ghost
  1207 | D        | Killed a flayed ghost
  1257 | D        | Noticed a death yak
  1265 | D        | Killed a death yak
  1265 | D        | Received a gift from Trog
  1271 | D        | Noticed a death yak
  1276 | D        | Killed a death yak
  1290 | D        | Killed a shadow wraith
  1388 | D        | Received a gift from Trog
  1402 | D        | Noticed a sea snake
  1418 | D        | Killed a sea snake
  1419 | D        | Reached skill level 16 in Unarmed Combat
  1422 | D        | Received a gift from Trog
  1497 | D        | Noticed a bog body
  1502 | D        | Killed a bog body
  1706 | D        | Noticed a sphinx
  1706 | D        | Noticed a deep elf death mage
  1706 | D        | Noticed a Brimstone Fiend
  1706 | D        | Noticed a merfolk aquamancer
  1714 | D        | Killed a sphinx
  1714 | D        | Received a gift from Trog
  1719 | D        | Killed a Brimstone Fiend
  1720 | D        | Reached skill level 10 in Armour
  1720 | D        | Reached XP level 12. HP: 93/140 MP: 11/11
  1722 | D        | Killed a deep elf death mage
  1726 | D        | Killed a merfolk aquamancer
  1727 | D        | Reached skill level 17 in Unarmed Combat
  1729 | D        | Received a gift from Trog
  1933 | D        | Noticed Joseph
  1936 | D        | Killed Joseph
  1941 | D        | Noticed an ettin
  1944 | D        | Killed an ettin
  1950 | D        | Received a gift from Trog
  1957 | D        | Reached skill level 15 in Fighting
  1991 | D        | Reached skill level 15 in Dodging
  2043 | D        | Received a gift from Trog
  2116 | D        | Identified the +7 flail "Spiderbane" {antimagic, rC+ rCorr
                  | Str+2}
  2116 | D        | Noticed a green draconian
  2124 | D        | Killed a green draconian
  2164 | D        | Noticed a centaur warrior
  2168 | D        | Killed a centaur warrior
  2169 | D        | Reached skill level 18 in Unarmed Combat
  2247 | D        | Noticed a catoblepas
  2247 | D        | Noticed an orc warlord
  2247 | D        | Noticed an orc warlord
  2317 | D        | Received a gift from Trog
  2416 | D        | Killed an orc warlord
  2664 | D        | Killed an orc warlord
  2864 | D        | Reached XP level 13. HP: 103/152 MP: 12/12
  2894 | D        | Received a gift from Trog
  3036 | D        | Received a gift from Trog
  3046 | D        | Noticed a deep elf blademaster
  3049 | D        | Noticed a yellow draconian
  3051 | D        | Received a gift from Trog
  3052 | D        | Reached skill level 19 in Unarmed Combat
  3067 | D        | HP: 11/231 [vault guard/+3 war axe (15)]
  3068 | D        | Slain by a deep elf blademaster

Illustrated notes

Levels and vault maps discovered:
D:        pitsprint [storerooms_1, entrance_room_1, metal_vault_2, armoury_2,
          mini_pit_1, grid_room_1, main_hall_1, silver_pit, the_coven_1,
          the_vestibule_1, steel_vault_5, golden_pit, hallway_of_sentries,
          crystal_vault_2, iron_vault_2, final_vault]

Skill      XL: |  1  2  3  4  5  6  7  8  9 10 11 12 13 |
---------------+----------------------------------------+-----
Fighting       | 5 6 8 9 10 11 12 14 15 16 | 16.3
Dodging        | 5 6 7 8 10 11 12 14 15 16 | 16.2
Unarmed Combat | 6 7 9 10 12 13 14 16 18 19 | 19.0
Armour         | 5 7 10 12 13 | 13.0

Action                     |  1- 3 |  4- 6 |  7- 9 | 10-12 | 13-15 || total
---------------------------+-------+-------+-------+-------+-------++-------
  Melee: Unarmed           |     5 |    14 |   114 |   234 |    34 ||   401
         Punch             |       |       |     9 |    24 |     4 ||    37
 Invoke: Berserk           |     1 |     1 |     1 |     5 |     1 ||     9
         Brothers in Arms  |       |       |       |     1 |     1 ||     2
   Stab: Petrifying        |       |       |       |     2 |       ||     2
 Armour: Animal skin       |     4 |     6 |    64 |       |       ||    74
         Steam dragon scal |       |       |    18 |    53 |       ||    71
         Swamp dragon scal |       |       |       |   130 |    62 ||   192
  Dodge: Dodged            |     1 |     7 |    76 |   102 |    17 ||   203

Table legend: (Time is in decaauts)
 A = Elapsed time spent in this place.
 B = Non-inter-level travel time spent in this place.
 C = Inter-level travel time spent in this place.
 D = Time resting spent in this place.
 E = Time spent auto-exploring this place.
 F = Levels seen in this place.
 G = Mean time per level.
                   A        B        C        D        E       F      G
               +--------+--------+--------+--------+--------+-----+--------+
         Total |   3079 |   2965 |    114 |   1306 |    296 |   1 | 3079.0 |
       Dungeon |   3079 |   2965 |    114 |   1306 |    296 |   1 | 3079.0 |
               +--------+--------+--------+--------+--------+-----+--------+

Top non-repeatable levels by time:
       D: 3079 daAuts
